Map: King's Cove LE

Players

liquidthermy (uThermal)

  • Race: Terran Terran
  • Spawn Location: 5:00

Harstem - Winner!

  • Race: Protoss Protoss
  • League: Grandmaster
  • Spawn Location: 11:00

Event: HomeStory Cup XIX

VOD

Have the link to the VOD?

Description

Time

  • Played on: June 29, 2019, 7:34 a.m.
  • Length: 17:40

All games in this series

Show
View Real Time Build Order
Export as new Build Order

liquidthermy Terran 

Build Orders: Reaper Expand 

Get SALT Encoding   

  12  0:01  SCV  
  13  0:14  SCV  
  14  0:18  Supply Depot  
  14  0:26  SCV  
  15  0:39  SCV  
  15  0:40  Barracks  
  16  0:44  Refinery  
  16  0:51  SCV  
  17  1:03  SCV  
  18  1:15  SCV  
  19  1:28  Orbital Command, Reaper  
  20  1:43  Command Center  
  20  1:54  SCV, Supply Depot  
  21  2:00  Marine  
  22  2:06  SCV  
  23  2:10  Barracks  
  23  2:18  SCV  
  23  2:19  Barracks Reactor  
  24  2:23  Barracks  
  24  2:30  SCV  
  25  2:42  SCV  
  26  2:54  SCV  
  26  2:56  Marine x2  
  26  2:57  Orbital Command  
  26  2:58  Barracks Tech Lab  
  28  3:03  Refinery  
  28  3:05  Engineering Bay  
  27  3:06  SCV  
  27  3:11  Marine  
  29  3:13  Marine x2  
  29  3:17  Stimpack  
  29  3:19  Marine  
  32  3:21  SCV  
  32  3:23  SCV  
  34  3:31  Missile Turret  
  34  3:32  Marine  
  35  3:35  Terran Infantry Weapons Level 1  
  35  3:36  SCV  
  35  3:38  SCV  
  37  3:42  Marine x2  
  39  3:48  Supply Depot  
  39  3:50  SCV  
  39  3:53  Marine  
  39  3:55  Marine  
  42  3:57  SCV  
  42  4:00  Marine  
  42  4:01  Barracks Tech Lab  
  44  4:05  SCV  
  44  4:06  Supply Depot  
  44  4:09  SCV  
  45  4:15  Marauder, Marine  
  47  4:17  SCV  
  47  4:19  Combat Shield, Marine  
  47  4:21  Marine  
  50  4:25  Missile Turret  
  50  4:26  SCV  
  50  4:29  SCV  
  52  4:33  Marine  
  52  4:37  Marauder  
  55  4:38  SCV  
  55  4:39  Marine  
  55  4:40  Supply Depot  
  55  4:41  SCV  
  57  4:50  SCV  
  57  4:52  Marauder, Marine  
  61  5:00  SCV  
  61  5:01  Factory  
  61  5:02  Marauder  
  61  5:05  Marine  
  61  5:06  SCV, Supply Depot  
  66  5:09  Marine  
  66  5:16  Marine  
  66  5:20  Concussive Shells  
  67  5:21  SCV  
  67  5:22  Marine  
  67  5:25  Marine  
  70  5:29  Terran Infantry Armor Level 1  
  70  5:30  SCV  
  70  5:31  Marine  
  70  5:34  Marauder, SCV  
  75  5:41  Marauder  
  75  5:42  SCV  
  77  5:46  SCV  
  77  5:47  Marine  
  70  5:54  Factory Reactor, SCV  
  70  5:55  Marauder, Starport  
  68  6:00  Marine  
  68  6:01  Refinery  
  68  6:02  Marine  
  68  6:03  SCV  
  71  6:06  Marine, SCV  
  71  6:08  Command Center  
  73  6:16  Barracks, SCV  
  73  6:18  Barracks, SCV  
  75  6:21  Marine  
  76  6:28  SCV  
  76  6:33  Marauder  
  76  6:35  Supply Depot  
  76  6:37  Marine  
  78  6:40  Marine, Medivac  
  78  6:41  Marauder  
  78  6:43  Missile Turret  
  78  6:44  Medivac  
  78  6:46  SCV  
  86  6:54  Armory  
  86  6:57  Marauder, Marine, SCV  
  86  6:58  Marine  
  86  6:59  Engineering Bay  
  91  7:02  SCV  
  91  7:08  Barracks Reactor, Barracks Tech Lab  
  92  7:09  SCV  
  92  7:15  SCV  
  94  7:19  Medivac  
  94  7:21  Orbital Command  
  94  7:22  SCV  
  96  7:23  Marine  
  96  7:25  Refinery  
  96  7:27  SCV, Medivac  
  96  7:29  Marauder, Marine  
  103  7:34  SCV  
  104  7:37  Supply Depot  
  104  7:40  SCV  
  104  7:43  Supply Depot  
  104  7:44  Refinery  
  105  7:46  SCV  
  105  7:50  Terran Infantry Weapons Level 2  
  106  7:51  SCV  
  106  7:52  SCV  
  108  7:59  SCV, Supply Depot  
  108  8:00  Marine x2  
  108  8:01  Marine  
  108  8:03  SCV  
  108  8:04  SCV  
  114  8:06  Marine  
  114  8:07  Marine, Marauder  
  114  8:11  SCV  
  118  8:12  Supply Depot  
  118  8:13  Marine  
  118  8:16  SCV  
  120  8:20  Terran Infantry Armor Level 2  
  120  8:22  Marine  
  120  8:26  Marauder  
  122  8:32  Barracks x2, Marauder  
  122  8:33  Barracks  
  124  8:37  Ghost Academy  
  124  8:38  Supply Depot  
  124  8:41  Marine x4  
  124  8:46  Marine  
  124  8:47  Marauder  
  130  8:52  Supply Depot  
  130  8:53  Marine  
  131  9:02  Terran Vehicle And Ship Armor Level 1  
  131  9:05  Marauder, Supply Depot  
  131  9:07  Sensor Tower, Command Center  
  131  9:08  Ghost  
  135  9:11  Marine x4  
  135  9:13  SCV  
  135  9:14  SCV x2  
  142  9:18  Marauder  
  142  9:20  Barracks Tech Lab x2  
  142  9:21  Barracks Tech Lab  
  144  9:26  Medivac x2  
  148  9:39  Ghost x3  
  148  9:41  Marauder x3  
  148  9:42  Marine x2  
  148  9:44  Marine  
  162  9:52  SCV x3  
  165  9:54  Supply Depot  
  165  9:55  Supply Depot  
  165  10:01  Supply Depot  
  165  10:03  Marine  
  165  10:15  Marine x2  
  165  10:16  Marine, Marauder x2, SCV x3  
  165  10:17  Marauder x3, Supply Depot  
  165  10:18  Marine  
  165  10:20  Planetary Fortress  
  182  10:24  Marine  
  183  10:33  Terran Infantry Weapons Level 3, Marine x2  
  185  10:36  Marauder, Marine  
  185  10:37  Marauder x2  
  192  10:45  Command Center  
  188  11:00  Marine, Terran Infantry Armor Level 3  
  188  11:01  Marauder x2, Marine  
  194  11:04  Barracks  
  194  11:05  Barracks  
  194  11:06  Barracks  
  194  11:22  Marauder, Marine  
  197  11:34  Marine  
  197  11:35  Marauder  
  199  11:44  Marine  
  199  11:45  Marauder  
  144  11:55  Marauder, Marine x2  
  144  11:56  Marine x2, Marauder x3  
  133  12:02  Marine  
  133  12:03  Barracks Tech Lab x2  
  133  12:04  Barracks Tech Lab  
  133  12:05  Medivac x2  
  133  12:06  Marauder  
  131  12:13  Marine x3  
  131  12:14  Marauder  
  132  12:16  Marine x2  
  132  12:17  Marauder  
  132  12:18  Marauder  
  132  12:20  Marine  
  137  12:24  Marauder, Marine  
  137  12:27  Marauder x2  
  144  12:30  Marine  
  144  12:31  Marine x2  
  144  12:34  Marine  
  144  12:35  Marauder x2  
  152  12:37  Marine  
  152  12:39  Marauder x2  
  152  12:41  Marine, Missile Turret x2  
  158  12:46  Marauder  
  158  12:48  Marine, Ghost x2  
  165  12:53  Command Center  
  165  12:55  SCV x4  
  165  12:56  Marauder  
  171  12:58  Marine x2  
  171  12:59  Marauder, Marine  
  171  13:00  Marauder  
  171  13:02  Marauder, Marine  
  171  13:05  Marine  
  179  13:07  Marauder, SCV  
  179  13:08  SCV  
  180  13:16  Marine, Ghost  
  180  13:17  Marauder  
  183  13:20  Ghost  
  180  13:29  Marauder, Marine  
  180  13:34  Marauder, Marine  
  172  13:35  Marine  
  170  13:42  Marine x2  
  170  13:43  Marauder  
  170  13:46  Marauder  
  170  13:47  Marine  
  165  13:52  Marine  
  165  13:53  Marauder  
  165  13:55  Marine  
  164  14:09  Marine  
  155  14:10  Marine  
  155  14:13  Planetary Fortress  
  155  14:17  Marine  
  149  14:20  Medivac  
  152  14:29  Ghost  
  152  14:34  Missile Turret  
  152  14:35  Marine x2  
  152  14:38  Marine x2  
  154  14:43  Ghost  
  155  14:47  Marine  
  112  15:14  Ghost  
  86  15:15  Marine x3  
  86  15:16  Marauder x3  
  86  15:18  Marine  
  86  15:21  Marine  
  99  15:23  Marine  
  100  15:33  Marine  
  101  15:36  Marine  
  101  15:37  Marauder  
  101  15:38  Marine x2  
  101  15:40  Marine  
  107  15:44  Marauder  
  107  15:47  Marine x2  
  111  15:51  SCV  
  111  15:55  SCV  
  111  15:56  SCV  
  114  15:57  Marine  
  114  16:00  Marine  
  115  16:09  SCV  
  114  16:13  SCV  
  108  16:21  Marine x2  
  108  16:22  Marauder x2  
  109  16:37  Medivac  
  110  16:42  Marauder, Marine  
  110  16:44  Medivac  
  115  16:52  Marine  
  116  17:00  Marine x2  
Show
View Real Time Build Order
Export as new Build Order

Harstem Protoss - Winner!

Build Orders: 1 Gate Expand, Oracle Opening, Chargelot Immortal, Colossus Rush 

Get SALT Encoding   

  12  0:01  Probe  
  13  0:13  Probe  
  14  0:18  Pylon  
  14  0:25  Probe  
  15  0:31  Assimilator  
  15  0:33  Probe  
  15  0:41  Probe  
  16  0:47  Gateway  
  17  0:51  Probe  
  18  1:03  Probe  
  19  1:15  Probe  
  20  1:23  Nexus  
  20  1:34  Cybernetics Core  
  20  1:37  Probe  
  21  1:42  Assimilator  
  21  1:49  Probe  
  21  1:51  Pylon  
  22  2:00  Adept  
  22  2:01  Probe  
  23  2:13  Probe  
  26  2:15  Stargate  
  26  2:21  Warp Gate  
  26  2:22  Adept  
  26  2:25  Probe  
  27  2:33  Probe  
  30  2:37  Probe  
  30  2:41  Probe  
  31  2:50  Probe  
  33  2:51  Probe  
  33  2:52  Adept  
  33  2:53  Oracle  
  36  3:02  Probe  
  36  3:03  Probe  
  41  3:14  Probe  
  41  3:16  Probe  
  41  3:19  Pylon  
  43  3:27  Probe  
  43  3:28  Probe  
  45  3:37  Oracle  
  45  3:39  Probe  
  45  3:40  Probe  
  50  3:51  Probe  
  50  3:52  Nexus  
  50  3:53  Probe  
  52  3:59  Robotics Facility  
  52  4:04  Pylon  
  52  4:08  Probe  
  52  4:09  Probe  
  54  4:16  Gateway  
  54  4:17  Gateway  
  54  4:23  Probe  
  55  4:27  Sentry  
  55  4:28  Probe  
  55  4:30  Assimilator  
  58  4:32  Pylon  
  58  4:33  Pylon  
  58  4:35  Probe  
  59  4:39  Assimilator  
  59  4:40  Shield Battery  
  59  4:41  Immortal  
  59  4:46  Probe  
  59  4:50  Probe  
  65  4:56  Robotics Bay  
  65  4:57  Zealot  
  65  4:58  Probe  
  68  5:03  Shield Battery  
  68  5:04  Probe  
  68  5:06  Probe  
  70  5:15  Sentry, Zealot  
  70  5:17  Immortal  
  70  5:18  Shield Battery  
  77  5:26  Shield Battery  
  78  5:31  Sentry  
  78  5:32  Probe  
  78  5:33  Probe  
  78  5:34  Pylon  
  82  5:36  Probe  
  82  5:39  Zealot  
  85  5:46  Probe  
  76  5:50  Probe  
  76  5:51  Probe  
  76  5:52  Zealot  
  76  5:54  Probe, Colossus  
  84  5:59  Probe x2  
  84  6:02  Probe  
  87  6:08  Phoenix  
  87  6:09  Sentry, Forge  
  92  6:13  Forge  
  92  6:16  Pylon  
  94  6:19  Probe  
  94  6:23  Probe  
  94  6:24  Sentry  
  94  6:25  Zealot  
  98  6:28  Probe  
  98  6:30  Extended Thermal Lance, Pylon  
  99  6:33  Probe  
  99  6:39  Probe  
  101  6:43  Colossus  
  101  6:45  Assimilator  
  101  6:47  Photon Cannon, Twilight Council  
  101  6:50  Assimilator  
  101  6:51  Pylon  
  107  6:55  Photon Cannon  
  107  6:57  Shield Battery  
  107  6:58  Probe  
  109  7:04  Pylon  
  108  7:13  Probe, Pylon  
  108  7:15  Protoss Ground Weapons Level 1  
  109  7:16  Probe  
  109  7:18  Protoss Ground Armor Level 1  
  110  7:23  Probe  
  110  7:24  Charge  
  110  7:26  Zealot x3, Colossus  
  116  7:30  Gateway  
  116  7:32  Gateway  
  116  7:40  Probe  
  116  7:42  Probe  
  124  7:46  Gateway  
  124  7:47  Pylon  
  124  7:48  Stalker  
  124  7:49  Zealot, Pylon  
  128  8:01  Gateway  
  128  8:04  Phoenix, Gateway  
  128  8:05  Zealot, Pylon  
  130  8:07  Immortal  
  130  8:15  Templar Archives  
  130  8:20  Pylon  
  134  8:32  Zealot x5  
  144  8:40  Pylon  
  144  8:41  Probe, Immortal  
  149  8:52  Nexus  
  147  8:55  Blink  
  147  9:00  Stalker x4  
  155  9:06  Zealot x3  
  159  9:12  Psionic Storm  
  159  9:16  Warp Prism  
  159  9:18  Protoss Ground Armor Level 2, Pylon  
  159  9:21  Probe, Pylon  
  160  9:25  Protoss Ground Weapons Level 2  
  160  9:30  High Templar x3  
  168  9:36  High Templar  
  170  9:39  Probe  
  170  9:43  Probe  
  170  9:45  High Templar  
  174  9:47  Photon Cannon, Zealot x3  
  174  9:49  Gravitic Drive  
  178  9:57  Photon Cannon  
  178  9:58  Warp Prism  
  178  10:01  Assimilator  
  178  10:05  Assimilator  
  178  10:16  Probe x2  
  180  10:32  Photon Cannon  
  180  10:34  Photon Cannon, Immortal  
  180  10:35  Photon Cannon  
  184  10:37  High Templar x2  
  184  10:38  Probe  
  184  10:39  Stalker x3  
  184  10:40  Stalker, Photon Cannon  
  197  10:42  Photon Cannon  
  196  10:51  Probe  
  195  11:03  High Templar x2  
  188  11:52  Protoss Ground Armor Level 3  
  158  11:54  Zealot x6  
  158  11:56  Probe  
  158  11:58  Immortal  
  158  12:01  Zealot x2  
  161  12:13  Probe x2  
  161  12:15  Gateway  
  163  12:16  Probe  
  163  12:18  Gateway  
  163  12:20  Gateway x2  
  163  12:21  High Templar x6  
  163  12:22  High Templar x2, Gateway  
  172  12:23  Probe  
  172  12:24  Protoss Ground Weapons Level 3  
  172  12:25  Gateway  
  172  12:28  Immortal, Archon x3  
  173  12:30  Archon  
  173  12:31  Probe  
  173  12:36  Probe  
  179  12:55  Zealot x8  
  193  13:14  Zealot  
  193  13:15  Zealot x2  
  193  13:18  Zealot  
  200  13:26  Zealot x5  
  186  13:34  Zealot x6  
  186  13:35  Zealot  
  186  13:41  Zealot x2  
  188  13:48  Zealot x5  
  183  13:58  Zealot x5  
  163  14:10  Probe  
  163  14:13  Nexus  
  163  14:15  High Templar x2  
  163  14:16  High Templar x5  
  174  14:18  High Templar  
  174  14:19  Zealot x4  
  174  14:21  Archon  
  174  14:22  Archon x2  
  184  14:24  Archon  
  184  14:25  Immortal  
  176  14:48  Zealot  
  176  14:49  Zealot x6  
  183  15:04  Zealot x4  
  143  15:12  Zealot x3  
  143  15:13  Zealot x4  
  135  15:28  Stalker x3  
  135  15:29  Stalker  
  139  15:36  Zealot x4  
  145  15:44  High Templar  
  145  15:45  High Templar x2  
  151  15:57  High Templar x2  
  151  15:58  High Templar x2  
  151  15:59  Zealot x4  
  159  16:24  Zealot x6  
  159  16:25  Zealot  
  173  16:30  Colossus  
  173  16:32  Sentry x2  
  173  16:41  Zealot x2  
  173  16:46  High Templar x3  
  185  16:48  Probe  
  185  16:51  Assimilator  
  182  17:02  Archon  
  182  17:08  High Templar x5  
  180  17:13  High Templar, Archon x2  
  180  17:15  Archon  
Tags
 
Add a new tag
Caveats
  • Supply blocks, unpowered buildings, or Contaminate may cause inaccurate times.
  • Supply counts are checked every 10 seconds.